 Dungeon Crawl Stone Soup version 0.25.0-3-gd7cc5688da (webtiles) character file.

Game seed: 5126716670800629836

44 DungeonDestroyer the Shield-Bearer (level 3, -5/35 HPs)
             Began as a Gnoll Fighter on June 15, 2020.
             Killed from afar by Sigmund (7 damage)
             ... with a puff of flame
             ... on level 2 of the Dungeon.
             The game lasted 00:02:45 (927 turns).

DungeonDestroyer the Shield-Bearer (Gnoll Fighter)   Turns: 927, Time: 00:02:45

Health: -5/35      AC:  7    Str: 19    XL:     3   Next: 60%
Magic:  4/4        EV:  8    Int: 10    God:
Gold:   77         SH: 10    Dex: 14    Spells: 3/3 levels left

rFire    . . .     SeeInvis .   a - +0 war axe
rCold    . . .     Gourm    .   c - +0 kite shield
rNeg     . . .     Faith    .   b - +0 scale mail
rPois    .         Spirit   .   (no helmet)
rElec    .         Reflect  .   (no cloak)
rCorr    .         Harm     .   (no gloves)
MR       .....                  (no boots)
Stlth    ..........             (no amulet)
HPRegen  0.11/turn              (no ring)
MPRegen  0.09/turn              (no ring)

@: no status effects
A: distributed training, fangs 1, strong nose
a: no special abilities


You were on level 2 of the Dungeon.
You were not hungry.

You visited 1 branch of the dungeon, and saw 2 of its levels.

You collected 77 gold pieces.

Inventory:

Hand Weapons
 a - a +0 war axe (weapon)
 g - a +0 mace
Missiles
 e - 60 stones (quivered)
Armour
 b - a +0 scale mail (worn)
 c - a +0 kite shield (worn)
Scrolls
 k - a scroll of immolation
Potions
 d - 3 potions of might
Comestibles
 f - 4 rations
 h - a chunk of flesh


   Skills:
 + Level 6.5 Fighting
 + Level 0.8 Short Blades
 + Level 0.8 Long Blades
 + Level 4.5 Axes
 + Level 0.8 Maces & Flails
 + Level 0.8 Polearms
 + Level 0.8 Staves
 + Level 0.8 Slings
 + Level 0.8 Bows
 + Level 0.8 Crossbows
 + Level 0.8 Throwing
 + Level 6.5 Armour
 + Level 0.8 Dodging
 + Level 0.8 Stealth
 + Level 6.5 Shields
 + Level 0.8 Unarmed Combat
 + Level 0.8 Spellcasting
 + Level 0.5 Conjurations
 + Level 0.5 Hexes
 + Level 0.5 Charms
 + Level 0.5 Summonings
 + Level 0.5 Necromancy
 + Level 0.5 Translocations
 + Level 0.5 Transmutations
 + Level 0.5 Fire Magic
 + Level 0.5 Ice Magic
 + Level 0.5 Air Magic
 + Level 0.5 Earth Magic
 + Level 0.5 Poison Magic
 + Level 1.0 Invocations
 + Level 0.8 Evocations


You had 3 spell levels left.
You didn't know any spells.
Your spell library was empty.

Dungeon Overview and Level Annotations

Branches:
Dungeon (2/15)

Altars:

Annotations:
D:2 Sigmund


Innate Abilities, Weirdness & Mutations

Your experience applies equally to all skills.
You have very sharp teeth.
Your uncanny sense of smell can sniff out nearby items.


Message History

You block the hobgoblin's attack.
Sigmund points at you and mumbles some strange words.
The magic dart hits you but does no damage.
You block the hobgoblin's attack.
You barely miss the hobgoblin.
The hobgoblin hits you but does no damage.
A goblin comes into view.
You block Sigmund's attack.
You closely miss the hobgoblin. You block the hobgoblin's attack.
Sigmund hits you from afar with a +0 scythe.
* * * LOW HITPOINT WARNING * * *
You hit the hobgoblin but do no damage. Your bite misses the hobgoblin.
The hobgoblin hits you but does no damage.
The hobgoblin closely misses you.
A worm comes into view.
You hit the hobgoblin.
The hobgoblin is heavily wounded.
Sigmund points at you and mumbles some strange words.
The puff of flame hits you!
You die...

##.## ##<.............#
#.## ##.........###.#
##.## ##.########.###.###
##.###.## ...........#
#..#.## # ###.#.<...#
#.#÷## .# #.#.....#
..##.#.#####.#####.#.###.#
#......w@.†......#.#. .#
####.#.###@#.###.#.#. .#
#.#.# #g# #. .# ....# #g#
.. ∆ #..### #.# #. #.. ...
.. ..# ##. #.# #.#


You could see Sigmund, a worm, a hobgoblin and a goblin.

Vanquished Creatures
  An adder (D:2)
  6 bats (D:1)
  4 goblins (D:1)
  7 hobgoblins
  3 jackals (D:1)
  A quokka (D:2)
  2 frilled lizards (D:1)
  5 kobolds (D:1)
  2 rats (D:1)
31 creatures vanquished.

Notes
Turn   | Place    | Note
-------+----------+-------------------------------------------
     0 | D:1      | DungeonDestroyer the Gnoll Fighter began the quest for the
                  | Orb.
     0 | D:1      | Reached XP level 1. HP: 23/23 MP: 1/1
    34 | D:1      | Reached XP level 2. HP: 22/29 MP: 2/2
   288 | D:1      | Reached XP level 3. HP: 35/35 MP: 3/3
   868 | D:2      | Reached skill level 1 in Invocations
   898 | D:2      | Noticed Sigmund
   927 | D:2      | Killed from afar by Sigmund

Illustrated notes

Levels and vault maps discovered:
D:1:      saegor_arrival_miasma, layout_basic
D:2:      layout_loops_ring, dk_vineyard_2, uniq_sigmund

Skill      XL: |  1  2  3 |
---------------+----------+-----
Invocations    | 1 |  1.0
Fighting       | |  6.5
Short Blades   | |  0.8
Long Blades    | |  0.8
Axes           | |  4.5
Maces & Flails | |  0.8
Polearms       | |  0.8
Staves         | |  0.8
Slings         | |  0.8
Bows           | |  0.8
Crossbows      | |  0.8
Throwing       | |  0.8
Armour         | |  6.5
Dodging        | |  0.8
Stealth        | |  0.8
Shields        | |  6.5
Unarmed Combat | |  0.8
Spellcasting   | |  0.8
Conjurations   | |  0.5
Hexes          | |  0.5
Charms         | |  0.5
Summonings     | |  0.5
Necromancy     | |  0.5
Translocations | |  0.5
Transmutations | |  0.5
Fire Magic     | |  0.5
Ice Magic      | |  0.5
Air Magic      | |  0.5
Earth Magic    | |  0.5
Poison Magic   | |  0.5
Evocations     | |  0.8

Action                   || total
-------------------------++-------
Melee: War axe           ||    88
       Bite              ||     7
  Use: Scroll            ||     3
       Potion            ||     1
Armor: Scale mail        ||    33
Dodge: Dodged            ||    31
Block: Kite shield       ||    66
